 Dungeon Crawl Stone Soup version 0.27-a0-1220-g54dba09ff7 (webtiles) character file.

Game seed: 6170439917395905517

93 Delamore the Skirmisher (level 4, 0/37 HPs)
             Began as a Formicid Fighter on June 7, 2021.
             Was a Follower of Uskayaw.
             Succumbed to an orc's poison
             ... on level 2 of the Dungeon.
             The game lasted 00:01:56 (2146 turns).

Delamore the Skirmisher (Formicid Fighter)          Turns: 2146, Time: 00:01:56

Health: 0/37       AC:  6    Str: 21    XL:     4   Next: 92%
Magic:  4/4        EV:  8    Int:  8    God:    Uskayaw [*.....]
Gold:   72         SH:  9    Dex: 10    Spells: 3/3 levels left

rFire    + . .     SeeInvis +   a - +0 trident
rCold    + . .     Faith    .   c - +0 kite shield
rNeg     . . .     Spirit   .   b - +0 scale mail
rPois    +         Reflect  .   (helmet unavailable)
rElec    +         Harm     .   (no cloak)
rCorr    +         Rampage  .   (no gloves)
Will     .....                  (no boots)
Stlth    ..........             (no amulet)
HPRegen  0.12/turn              (no ring)
MPRegen  0.09/turn              (no ring)

@: brilliant, lethally poisoned (0 -> -2), resistant, flying
A: permanent stasis, dig shafts and tunnels, antennae 3, four strong arms
a: Dig, Shaft Self, Renounce Religion, Stomp


You were on level 2 of the Dungeon.
You worshipped Uskayaw.
Uskayaw was noncommittal.
You visited 1 branch of the dungeon, and saw 3 of its levels.

You collected 72 gold pieces.

Inventory:

Hand Weapons
 a - a +0 trident (weapon)
Armour
 b - a +0 scale mail (worn)
 c - a +0 kite shield (worn)
Scrolls
 e - 3 scrolls of teleportation
Potions
 d - a potion of might
 g - a potion of degeneration
 i - a potion of brilliance


   Skills:
 + Level 4.2 Fighting
 * Level 4.0 Polearms
 - Level 3.2 Armour
 - Level 3.6 Shields


You had 3 spell levels left.
You didn't know any spells.
Your spell library contained the following spells:

 Spells                   Type           Power      Damage    Failure   Level
 Confusing Touch          Hex            0%         N/A       100%        3
 Gell's Gravitas          Tloc           0%         N/A       100%        3
 Petrify                  Tmut/Erth      0%         N/A       100%        4
 Metabolic Englaciation   Hex/Ice        0%         N/A       100%        5
 Yara's Violent Unravell  Hex/Tmut       0%         3d3       100%        5


Dungeon Overview and Level Annotations

Branches:
Dungeon (3/15)

Altars:
Uskayaw
Vehumet


Innate Abilities, Weirdness & Mutations

You cannot be hasted, slowed, berserked, paralysed or teleported.
You can dig through walls and to a lower floor.
You have a pair of large antennae on your head. (SInv)
Your four strong arms can wield two-handed weapons with a shield.


Message History

You are poisoned.
The orc closely misses you.
The orc hits you from afar with a +2 trident of venom!
You are lethally poisoned!
There is a stone staircase leading up here.
You feel very sick. You block the orc's attack.
You climb upwards.
You feel extremely sick.
There is a stone staircase leading down here.
You are too injured to fight recklessly!
You closely miss the orc.
* * * LOW HITPOINT WARNING * * *
You feel very sick. You block the orc's attack. x2
It was a potion of resistance.
You feel protected.
* * * LOW HITPOINT WARNING * * *
You feel very sick. The orc hits you but does no damage.
It was a potion of brilliance.
You feel clever all of a sudden.
* * * LOW HITPOINT WARNING * * *
You feel sick. The orc hits you but does no damage.
It was a potion of flight.
You feel very buoyant.
You fly up into the air.
* * * LOW HITPOINT WARNING * * *
You feel sick. You block the orc's attack.
It was a potion of haste.
Your stasis prevents you from being hasted.
* * * LOW HITPOINT WARNING * * *
You feel sick. The orc hits you but does no damage.
Okay, then.
Okay, then.
You barely miss the orc.
* * * LOW HITPOINT WARNING * * *
You feel sick. The orc barely misses you.
You closely miss the orc.
You die...

.......# .8...8.# ###########
...#...# #.........#
#.###.### #.........#
...#....# #.........#
.8...8..#### #.........####
...#....>..# #............##
#.###......####.........##..#
...#..........).@.......#P♣.#
.8...8.....####.o......♣....#
...........# #.......♣....##
.###.......####......♣P....P#
.#####.##.###..........≈≈♣..#
..# ##................♣≈≈≈≈.#
#.# #.....###........≈≈≈≈♣♣♣#
#.# #.....# #.......P≈♣≈≈≈..#
#.###.....###........≈≈†♣♣..#


You could see an orc.

Vanquished Creatures
  2 adders (D:2)
  3 dart slugs
  3 orcs
  2 endoplasms (D:1)
  4 giant cockroaches
  4 goblins
  5 hobgoblins
  12 jackals
  2 kobolds
  4 quokkas
  6 ball pythons
  6 bats
  A frilled lizard (D:1)
  5 rats
59 creatures vanquished.

Vanquished Creatures (others)
  3 plants (D:2)
3 creatures vanquished.

Grand Total: 62 creatures vanquished

Notes
Turn   | Place    | Note
-------+----------+-------------------------------------------
     0 | D:1      | Delamore the Formicid Fighter began the quest for the Orb.
     0 | D:1      | Reached XP level 1. HP: 18/18 MP: 1/1
    66 | D:1      | Reached XP level 2. HP: 4/24 MP: 2/2
   358 | D:1      | Reached XP level 3. HP: 28/30 MP: 3/3
   853 | D:1      | Found a faded altar of an unknown god.
   867 | D:1      | Became a worshipper of Uskayaw the Reveller
   867 | D:1      | Reached * piety under Uskayaw
  1209 | D:2      | Reached ** piety under Uskayaw
  1215 | D:2      | Reached XP level 4. HP: 35/37 MP: 4/4
  1216 | D:2      | Reached *** piety under Uskayaw
  1292 | D:2      | Found a radiant altar of Vehumet.
  2145 | D:2      | HP: 1/37 [poisoned by an orc]
  2146 | D:2      | Succumbed to an orc's poison

Illustrated notes

Levels and vault maps discovered:
D:1:      minmay_arrival_loop, layout_loops_ring,
          shapermc_ecumenical_altar_notcrosses, st_stairs_5, minmay_tall_x
D:2:      layout_basic, basic_altar, chequers_serial_rivers_micro_e,
          st_stairs_8, minmay_stone_trees_small, serial_bayou_pond_a,
          minmay_misc_feat_four_crosses
D:3:      layout_rooms, minitemple

Skill      XL: |  1  2  3  4 |
---------------+-------------+-----
Polearms       | 3 4 |  4.0
Fighting       | 4 |  4.2
Armour         | |  3.2
Shields        | |  3.6

Action                   |  1- 3 |  4- 6 || total
-------------------------+-------+-------++-------
Melee: Trident           |   106 |    79 ||   185
 Abil: Dig               |     1 |       ||     1
  Use: Potion            |       |     4 ||     4
       Scroll            |       |     3 ||     3
Armor: Scale mail        |    53 |    24 ||    77
Dodge: Dodged            |    44 |    33 ||    77
Block: Kite shield       |    63 |    40 ||   103

Table legend: (Time is in decaauts)
 A = Elapsed time spent in this place.
 B = Non-inter-level travel time spent in this place.
 C = Inter-level travel time spent in this place.
 D = Time resting spent in this place.
 E = Time spent auto-exploring this place.
 F = Levels seen in this place.
 G = Mean time per level.
                   A        B        C        D        E       F      G
               +--------+--------+--------+--------+--------+-----+--------+
         Total |   2210 |   2170 |     40 |    469 |   1283 |   3 |  736.7 |
       Dungeon |   2210 |   2170 |     40 |    469 |   1283 |   3 |  736.7 |
               +--------+--------+--------+--------+--------+-----+--------+

Top non-repeatable levels by time:
     D:1: 1229 daAuts
     D:2: 953 daAuts
     D:3: 27 daAuts
